APL (24 & UNDER)
ATHENS ASSASSINS @ PENSACOLA PILOTS
07/19/2025
 
TOP OF THE 1ST
Athens Assassins batting - Pitching for Pensacola Pilots : RHP Luis Pistoni
Pitching: RHP Luis Pistoni
Batting: SHB José Estreito 0-0: Ground out 4-3 (Groundball, 34)
Batting: RHB Juan Gonzáles 0-0: Ball
1-0: Called Strike
1-1: Called Strike
1-2: Ball
2-2: Foul Ball, location: 2F
2-2: Foul Ball, location: 2F
2-2: Ball
3-2: Fly out, F8 (Flyball, 8LM)
Batting: RHB Jorge Loanos 0-0: Foul Ball, location: 2F
0-1: Foul Ball, location: 2F
0-2: Ball
1-2: Ball
2-2: Ball
3-2: Foul Ball, location: 2F
3-2: Base on Balls
Batting: LHB Terry Simpson 0-0: Ball
1-0: Called Strike
Jorge Loanos is caught stealing 2nd base
Top of the 1st over - 0 run(s), 0 hit(s), 0 error(s), 0 left on base; Athens 0 - Pensacola 0
BOTTOM OF THE 1ST
Pensacola Pilots batting - Pitching for Athens Assassins : LHP Roberto Castro
Pitching: LHP Roberto Castro
Batting: LHB Mark Folger 0-0: Ball
1-0: Ball
2-0: Swinging Strike
2-1: Ball
3-1: Foul Ball, location: 2F
3-2: Strikes out looking
Batting: RHB Jaime Spiridon 0-0: Ball
1-0: Fly out, F7 (Line Drive, 78S)
Batting: RHB Jonny Lord 0-0: Ball
1-0: Called Strike
1-1: Ball
2-1: Foul Ball, location: 2F
2-2: SOLO HOME RUN (Flyball, 89XD), Distance : 434 ft
Batting: LHB Chris Austin 0-0: Ball
1-0: Ball
2-0: Ball
3-0: Base on Balls
Batting: RHB José Cordero 0-0: Ground out 6-3 (Groundball, 6)
Bottom of the 1st over - 1 run(s), 1 hit(s), 0 error(s), 1 left on base; Athens 0 - Pensacola 1
TOP OF THE 2ND
Athens Assassins batting - Pitching for Pensacola Pilots : RHP Luis Pistoni
Batting: LHB Terry Simpson 0-0: Ball
1-0: Fly out, F7 (Line Drive, 7S)
Batting: LHB António Romo 0-0: Ball
1-0: Ball
2-0: Fly out, F9 (Flyball, 89M)
Batting: LHB Al Bartlett 0-0: Ball
1-0: SINGLE (Groundball, 2L) (infield hit)
Batting: RHB Brady McIntyre 0-0: Called Strike
0-1: Foul Ball, location: 2F
0-2: SINGLE (Line Drive, 89M)
Al Bartlett to second
Batting: LHB Luis Vázquez 0-0: Called Strike
0-1: Swinging Strike
0-2: Ball
1-2: Strikes out looking
Top of the 2nd over - 0 run(s), 2 hit(s), 0 error(s), 2 left on base; Athens 0 - Pensacola 1
BOTTOM OF THE 2ND
Pensacola Pilots batting - Pitching for Athens Assassins : LHP Roberto Castro
Batting: LHB Alan McGilroy 0-0: Ball
1-0: Foul Ball, location: 2F
1-1: DOUBLE (Groundball, 5L)
Batting: RHB Lorenzo Mota 0-0: Called Strike
0-1: Ball
1-1: Ball
2-1: Called Strike
2-2: Foul Ball, location: 2F
2-2: Strikes out looking
Batting: RHB David Crespo 0-0: Ball
1-0: Ball
2-0: Foul Ball, location: 2F
2-1: Called Strike
2-2: Ball
3-2: Fly out, F2 (Popup, 2RF)
Batting: LHB Ricardo García 0-0: Ball
1-0: Called Strike
1-1: Ground out 4-3 (Groundball, 34)
Bottom of the 2nd over - 0 run(s), 1 hit(s), 0 error(s), 1 left on base; Athens 0 - Pensacola 1
TOP OF THE 3RD
Athens Assassins batting - Pitching for Pensacola Pilots : RHP Luis Pistoni
Batting: LHB Giovannino Arduino 0-0: Called Strike
0-1: Ball
1-1: Ball
2-1: Ball
3-1: Base on Balls
Batting: SHB José Estreito 0-0: Ball
1-0: Foul Ball, location: 2F
1-1: Ball
2-1: Ball
3-1: Swinging Strike
3-2: Strikes out swinging
Batting: RHB Juan Gonzáles 0-0: Ball
1-0: Ball
2-0: Called Strike
2-1: Ball
3-1: Base on Balls
Giovannino Arduino to second
Batting: RHB Jorge Loanos 0-0: Called Strike
Giovannino Arduino is caught stealing 3rd base
Juan Gonzáles to second
0-1: Ball
1-1: Ball
2-1: Ball
3-1: Called Strike
3-2: Ground out 6-3 (Groundball, 6)
Top of the 3rd over - 0 run(s), 0 hit(s), 0 error(s), 1 left on base; Athens 0 - Pensacola 1
BOTTOM OF THE 3RD
Pensacola Pilots batting - Pitching for Athens Assassins : LHP Roberto Castro
Batting: LHB Mark Folger 0-0: Ball
1-0: Called Strike
1-1: Reached on Error, E9 (Flyball, 9M)
Batting: RHB Jaime Spiridon 0-0: Grounds into double play, 5-4-3 (Groundball, 5L)
Batting: RHB Jonny Lord 0-0: DOUBLE (Line Drive, 78M)
Batting: LHB Chris Austin 0-0: Foul Ball, location: 2F
0-1: Ball
1-1: Called Strike
1-2: Strikes out looking
Bottom of the 3rd over - 0 run(s), 1 hit(s), 1 error(s), 1 left on base; Athens 0 - Pensacola 1
TOP OF THE 4TH
Athens Assassins batting - Pitching for Pensacola Pilots : RHP Luis Pistoni
Batting: LHB Terry Simpson 0-0: Called Strike
0-1: Swinging Strike
0-2: Ball
1-2: Ball
2-2: Strikes out swinging
Batting: LHB António Romo 0-0: Fly out, F7 (Flyball, 78S)
Batting: LHB Al Bartlett 0-0: Ball
1-0: Ball
2-0: Ball
3-0: Base on Balls
Batting: RHB Brady McIntyre 0-0: Ball
1-0: Called Strike
1-1: Ball
Passed Ball!
Al Bartlett to second
2-1: Foul Ball, location: 2F
2-2: Foul Ball, location: 2F
2-2: Ground out 5-3 (Groundball, 56)
Top of the 4th over - 0 run(s), 0 hit(s), 0 error(s), 1 left on base; Athens 0 - Pensacola 1
BOTTOM OF THE 4TH
Pensacola Pilots batting - Pitching for Athens Assassins : LHP Roberto Castro
Batting: RHB José Cordero 0-0: Ball
1-0: Foul Ball, location: 2F
1-1: Ball
2-1: Foul Ball, location: 2F
2-2: Strikes out looking
Batting: LHB Alan McGilroy 0-0: Ball
1-0: Ball
2-0: Called Strike
2-1: Ball
3-1: Base on Balls
Batting: RHB Lorenzo Mota 0-0: Called Strike
0-1: Ball
1-1: SINGLE (Groundball, 6)
Alan McGilroy to second
Batting: RHB David Crespo 0-0: Ball
1-0: Ball
2-0: Ball
3-0: Base on Balls
Alan McGilroy to third
Lorenzo Mota to second
Batting: LHB Ricardo García 0-0: Foul Ball, location: 2F
0-1: Called Strike
0-2: Ball
1-2: Ball
2-2: Fly out, F9 (Flyball, 9LM)
Runner from 3rd tags up, SCORES, throw made
Batting: LHB Mark Folger 0-0: Called Strike
0-1: Ball
1-1: Ball
2-1: Called Strike
2-2: Foul Ball, location: 2F
2-2: Strikes out looking
Bottom of the 4th over - 1 run(s), 1 hit(s), 0 error(s), 2 left on base; Athens 0 - Pensacola 2
TOP OF THE 5TH
Athens Assassins batting - Pitching for Pensacola Pilots : RHP Luis Pistoni
Batting: LHB Luis Vázquez 0-0: Ball
1-0: Ball
2-0: Ball
3-0: Base on Balls
Batting: LHB Giovannino Arduino 0-0: SINGLE (Groundball, 56D)
Luis Vázquez to second
Pitching: RHP Dustin Taylor
Batting: SHB José Estreito 0-0: Swinging Strike
0-1: Foul Ball, location: 2F
0-2: Foul Ball, location: 2F
0-2: Ball
1-2: Strikes out swinging
Batting: RHB Juan Gonzáles 0-0: DOUBLE (Line Drive, 5D)
Luis Vázquez scores
Giovannino Arduino to third
Runner from 3rd tries for Home, SAFE, no throw or cutoff
Batting: RHB Jorge Loanos 0-0: Ground out 1-3 (Groundball, 15S)
Batting: LHB Terry Simpson 0-0: Ground out U3 (Groundball, 3)
Top of the 5th over - 2 run(s), 2 hit(s), 0 error(s), 1 left on base; Athens 2 - Pensacola 2
BOTTOM OF THE 5TH
Pensacola Pilots batting - Pitching for Athens Assassins : LHP Roberto Castro
Batting: RHB Jaime Spiridon 0-0: Called Strike
0-1: Fly out, F3 (Popup, 3)
Batting: RHB Jonny Lord 0-0: DOUBLE (Flyball, 89XD)
Pitching: RHP Cisco López
Batting: LHB Chris Austin 0-0: Ball
1-0: Foul Ball, location: 2F
1-1: 2-RUN HOME RUN (Flyball, 7D), Distance : 393 ft
Batting: RHB José Cordero 0-0: Ground out 4-3 (Groundball, 4)
Batting: LHB Alan McGilroy 0-0: Ball
1-0: Ball
2-0: Called Strike
2-1: Foul Ball, location: 2F
2-2: Ball
3-2: Foul Ball, location: 2F
3-2: Foul Ball, location: 2F
3-2: Base on Balls
Batting: RHB Lorenzo Mota 0-0: Foul Ball, location: 2F
0-1: Fielders Choice at 2nd, U6 (Groundball, 6M)
Bottom of the 5th over - 2 run(s), 2 hit(s), 0 error(s), 1 left on base; Athens 2 - Pensacola 4
TOP OF THE 6TH
Athens Assassins batting - Pitching for Pensacola Pilots : RHP Dustin Taylor
Batting: LHB António Romo 0-0: Called Strike
0-1: Swinging Strike
0-2: Ball
1-2: Strikes out swinging
Batting: LHB Al Bartlett 0-0: Foul Ball, location: 2F
0-1: Ball
1-1: Called Strike
1-2: Strikes out swinging
Batting: RHB Brady McIntyre 0-0: Ball
1-0: Swinging Strike
1-1: Ball
2-1: Ball
3-1: Base on Balls
Batting: LHB Luis Vázquez Pickoff Throw to First - Out!
Top of the 6th over - 0 run(s), 0 hit(s), 0 error(s), 0 left on base; Athens 2 - Pensacola 4
BOTTOM OF THE 6TH
Pensacola Pilots batting - Pitching for Athens Assassins : RHP Cisco López
Batting: RHB David Crespo 0-0: Ball
1-0: Ball
2-0: Ground out 5-3 (Groundball, 5L)
Batting: LHB Ricardo García 0-0: Swinging Strike
0-1: Ball
1-1: Foul Ball, location: 2F
1-2: Foul Ball, location: 2F
1-2: Foul Ball, location: 2F
1-2: Reached on Error, E7 (Flyball, 7M)
Batting: LHB Mark Folger 0-0: Ground out 3-1 (Groundball, 34)
Ricardo García to second
Batting: RHB Jaime Spiridon 0-0: Ball
1-0: Ball
2-0: Foul Ball, location: 2F
2-1: Foul Ball, location: 2F
2-2: Strikes out swinging
Bottom of the 6th over - 0 run(s), 0 hit(s), 1 error(s), 1 left on base; Athens 2 - Pensacola 4
TOP OF THE 7TH
Athens Assassins batting - Pitching for Pensacola Pilots : RHP Dustin Taylor
Batting: LHB Luis Vázquez 0-0: DOUBLE (Line Drive, 78D)
Batting: LHB Giovannino Arduino 0-0: Ball
1-0: Ball
2-0: Foul Ball, location: 2F
2-1: SINGLE (Flyball, 7LS)
Luis Vázquez to third
Pinch Hitting: SHB Rick Turner 0-0: Ball
1-0: Ball
2-0: Ball
3-0: Called Strike
3-1: Foul Ball, location: 2F
3-2: Base on Balls
Giovannino Arduino to second
Pinch Hitting: LHB Tommy Payne 0-0: Foul Ball, location: 2F
0-1: Ball
1-1: Ball
2-1: Called Strike
2-2: Ball
3-2: Foul Ball, location: 2F
3-2: SINGLE (Line Drive, 34D)
Luis Vázquez scores
Giovannino Arduino to third
Rick Turner to second
Batting: RHB Jorge Loanos 0-0: Called Strike
0-1: Foul Ball, location: 2F
0-2: Foul Ball, location: 2F
0-2: Foul Ball, location: 2F
0-2: Strikes out looking
Batting: LHB Terry Simpson 0-0: Called Strike
0-1: Ball
1-1: Ball
2-1: SINGLE (Groundball, 4MD)
Giovannino Arduino scores
Rick Turner to third
Tommy Payne to second
Runner from 3rd tries for Home, SAFE, throw made home
Batting: LHB António Romo 0-0: Ball
1-0: Foul Ball, location: 2F
1-1: Called Strike
1-2: Ball
2-2: Strikes out swinging
Batting: LHB Al Bartlett 0-0: Called Strike
0-1: Ball
1-1: Ball
2-1: Ball
3-1: Foul Ball, location: 2F
3-2: Base on Balls
Tommy Payne to third
Terry Simpson to second
Batting: RHB Brady McIntyre 0-0: Called Strike
0-1: Foul Ball, location: 2F
0-2: Ball
1-2: Strikes out looking
Top of the 7th over - 3 run(s), 4 hit(s), 0 error(s), 3 left on base; Athens 5 - Pensacola 4
BOTTOM OF THE 7TH
Pensacola Pilots batting - Pitching for Athens Assassins : RHP Cisco López
Now at 2B: Ramón Rodríguez
Now in RF: Tommy Payne
Batting: RHB Jonny Lord 0-0: Ground out 4-3 (Groundball, 4M)
Pitching: RHP Kieron Lahyani
Batting: LHB Chris Austin 0-0: Ball
1-0: Ball
2-0: Called Strike
2-1: Foul Ball, location: 2F
2-2: Ball
3-2: Base on Balls
Pinch Hitting: RHB José Velázquez 0-0: Ball
1-0: Called Strike
1-1: Ball
Throwing error on steal attempt, E2
Chris Austin to third
2-1: Called Strike
2-2: Strikes out swinging
Batting: LHB Alan McGilroy 0-0: Fly out, F7 (Line Drive, 7M)
Bottom of the 7th over - 0 run(s), 0 hit(s), 1 error(s), 1 left on base; Athens 5 - Pensacola 4
TOP OF THE 8TH
Athens Assassins batting - Pitching for Pensacola Pilots : RHP Dustin Taylor
Pitching: RHP Roberto Gómez
Now in RF: Pedro Ramos
Batting: LHB Luis Vázquez 0-0: Ball
1-0: Foul Ball, location: 2F
1-1: Called Strike
1-2: Foul Ball, location: 2F
1-2: Ball
2-2: SINGLE (Groundball, 6MD)
Batting: LHB Giovannino Arduino 0-0: Called Strike
0-1: Bunt missed!
0-2: Ball
1-2: Ball
2-2: Strikes out looking
Batting: RHB Ramón Rodríguez 0-0: Ball
Luis Vázquez is caught stealing 2nd base
1-0: Ball
2-0: Ball
3-0: Called Strike
3-1: Ground out 6-3 (Groundball, 6)
Top of the 8th over - 0 run(s), 1 hit(s), 0 error(s), 0 left on base; Athens 5 - Pensacola 4
BOTTOM OF THE 8TH
Pensacola Pilots batting - Pitching for Athens Assassins : RHP Kieron Lahyani
Pitching: RHP Jason Mason
Batting: RHB Lorenzo Mota 0-0: Foul Ball, location: 2F
0-1: Called Strike
0-2: Strikes out swinging
Batting: RHB David Crespo 0-0: Called Strike
0-1: Ball
1-1: Foul Ball, location: 2F
1-2: Ball
2-2: Strikes out swinging
Batting: LHB Ricardo García 0-0: Ball
1-0: Ball
2-0: Ball
3-0: Called Strike
3-1: Called Strike
3-2: Foul Ball, location: 2F
3-2: Strikes out swinging
Bottom of the 8th over - 0 run(s), 0 hit(s), 0 error(s), 0 left on base; Athens 5 - Pensacola 4
TOP OF THE 9TH
Athens Assassins batting - Pitching for Pensacola Pilots : RHP Roberto Gómez
Batting: LHB Tommy Payne 0-0: Foul Ball, location: 2F
0-1: Ball
1-1: Ball
2-1: Called Strike
2-2: Ball
3-2: Foul Ball, location: 2F
3-2: Base on Balls
Batting: RHB Jorge Loanos 0-0: Ball
Tommy Payne steals 2nd base
1-0: Called Strike
1-1: Called Strike
1-2: Ground out 5-3 (Groundball, 56S)
Tommy Payne to third
Batting: LHB Terry Simpson 0-0: Ground out 4-3 (Groundball, 4)
Batting: LHB António Romo 0-0: Ball
1-0: Foul Ball, location: 2F
1-1: Swinging Strike
1-2: Ball
2-2: 2-RUN HOME RUN (Line Drive, 9D), Distance : 386 ft
Batting: LHB Al Bartlett 0-0: Foul Ball, location: 2F
0-1: Ball
1-1: Ball
2-1: Foul Ball, location: 2F
2-2: Ball
3-2: TRIPLE (Line Drive, 5L)
Batting: RHB Brady McIntyre 0-0: Ball
1-0: Ball
2-0: Called Strike
2-1: Called Strike
2-2: Foul Ball, location: 2F
2-2: Ball
3-2: Ground out 5-3 (Groundball, 56)
Top of the 9th over - 2 run(s), 2 hit(s), 0 error(s), 1 left on base; Athens 7 - Pensacola 4
BOTTOM OF THE 9TH
Pensacola Pilots batting - Pitching for Athens Assassins : RHP Jason Mason
Pitching: RHP Ramón Maestas
Batting: LHB Mark Folger 0-0: Foul Ball, location: 2F
0-1: Ball
1-1: Ball
2-1: Ball
3-1: Base on Balls
Batting: RHB Jaime Spiridon 0-0: Ball
1-0: Ball
2-0: Ball
3-0: Base on Balls
Mark Folger to second
Pinch Hitting: LHB Jorge Silva 0-0: Swinging Strike
0-1: Foul Ball, location: 2F
0-2: Foul Ball, location: 2F
0-2: Ball
1-2: Ball
2-2: Ball
3-2: SINGLE (Groundball, 5S) (infield hit)
Mark Folger to third
Jaime Spiridon to second
Batting: LHB Chris Austin 0-0: Grounds into double play, 4-6-3 (Groundball, 4)
Mark Folger scores
Jaime Spiridon to third
Batting: LHB Pedro Ramos 0-0: Fly out, F5 (Popup, 25F)
Bottom of the 9th over - 1 run(s), 1 hit(s), 0 error(s), 1 left on base; Athens 7 - Pensacola 5
This league is powered by Out of the Park Baseball, the baseball management simulation game for PC, Mac and Linux
Tuesday, August 2nd, 2016 - OOTP Baseball 16.8 Build 38